 Dungeon Crawl Stone Soup version 0.23.2-1-ga50397a (webtiles) character file.

Game seed: 12074668252555088629

108 Mimshu the Insei (level 4, -4/36 HPs)
             Began as a Draconian Transmuter on Apr 12, 2019.
             Slain by Grinder (5 damage)
             ... while paralysed by Grinder
             ... on level 3 of the Dungeon on May 5, 2019.
             The game lasted 00:16:44 (2030 turns).

Mimshu the Insei (Draconian Transmuter)             Turns: 2030, Time: 00:16:44

Health: -4/36      AC:  6    Str: 12    XL:     4   Next: 58%
Magic:  6/7        EV:  2    Int: 14    God:
Gold:   89         SH:  0    Dex: 12    Spells: 0/8 levels left

rFire    . . .     SeeInvis +   j - +0 short sword
rCold    . . .     Gourm    .   (no shield)
rNeg     . . .     Faith    .   (armour unavailable)
rPois    .         Spirit   .   (helmet restricted)
rElec    .         Reflect  .   l - +0 cloak
rCorr    .         Harm     .   (no gloves)
MR       .....                  (boots currently unavailable)
Stlth    +.........             (no amulet)
HPRegen  0.12/turn              n - ring of see invisible
MPRegen  0.10/turn              (no ring)

@: paralysed, appendage (expiring)
A: unfitting armour, talons 3, cold-blooded, AC +5
a: End Transformation


You were on level 3 of the Dungeon.
You were hungry.
You had grown temporary talons.
You visited 1 branch of the dungeon, and saw 3 of its levels.

You collected 89 gold pieces.

Inventory:

Hand Weapons
 j - a +0 short sword (weapon)
Missiles
 a - 8 arrows
 u - 19 sling bullets
Armour
 l - a +0 cloak (worn)
Jewellery
 n - a ring of see invisible (left hand)
 o - a cursed amulet of inaccuracy
Scrolls
 d - a scroll of fear {unknown}
 e - a scroll of identify
 f - a scroll of immolation
 g - 2 scrolls of teleportation {unknown}
 m - 2 scrolls of enchant armour {unknown}
 p - a scroll of blinking {unknown}
 q - a scroll of fog {unknown}
 s - a scroll of remove curse {unknown}
Potions
 b - 2 potions of flight {unknown}
 h - a potion of heal wounds {unknown}
 i - 2 potions of cancellation {unknown}
 k - a potion of ambrosia {unknown}
 r - a potion of curing {unknown}
Comestibles
 c - 4 rations
 t - 2 chunks of flesh


   Skills:
 * Level 2.2 Fighting
 + Level 0.8 Short Blades
 * Level 2.6 Dodging
 + Level 0.1 Stealth
 + Level 3.5 Unarmed Combat
 * Level 2.5 Spellcasting
 * Level 2.4 Transmutations
 + Level 0.1 Poison Magic


You couldn't memorise any spells.
You knew the following spells:

 Your Spells              Type           Power        Failure   Level  Hunger
a - Beastly Appendage     Tmut           #.....       9%          1    #......
b - Spider Form           Tmut/Pois      #.........   36%         3    ###....
c - Sticks to Snakes      Tmut           #.......     12%         2    ###....
d - Call Imp              Summ           #.......     34%         2    ###....

Your spell library contained the following spells:

 Spells                   Type           Power        Failure   Level  Hunger
 Magic Dart               Conj           #...         22%         1    #......
 Blink                    Tloc           N/A          34%         2    ###....
 Slow                     Hex            #.......     34%         2    ###....
 Mephitic Cloud           Conj/Pois/Air  #.......     54%         3    ###....
 Conjure Flame            Conj/Fire      #.......     56%         3    ###....
 Ice Form                 Ice/Tmut       #.......     80%         4    #####..
 Blade Hands              Tmut           #.........   92%         5    ######.


Dungeon Overview and Level Annotations

Branches:
Dungeon (3/15)

Altars:

Annotations:
D:3 Grinder


Innate Abilities, Weirdness & Mutations

Your plain brown scales are hard. (AC +5)
You cannot fit into any form of body armour.
You are cold-blooded and may be slowed by cold attacks.
You have claws for feet.


Message History

Grinder is lightly wounded.
Grinder hits you.
You writhe in agony.
* * * LOW HITPOINT WARNING * * *
You barely miss Grinder.
Grinder is lightly wounded.
Grinder hits you.
* * * LOW HITPOINT WARNING * * *
You writhe in agony.
* * * LOW HITPOINT WARNING * * *
You closely miss Grinder.
Grinder is lightly wounded.
Grinder gestures at you.
You suddenly lose the ability to move!
Your transformation is almost over.
Grinder hits you.
* * * LOW HITPOINT WARNING * * *
Grinder hits you.
* * * LOW HITPOINT WARNING * * *
You writhe in agony.
You die...

#.# #............
#.###.###.#####.####.
#.........# #.#
#####.##### #.# #.#
#.# . #.# #.#
#..#####.# #.#
.......#.# #.#####
#.@.# #...... #.5##
####### #..# #..#
#..# #..# #..# ...#


You could see Grinder.

Vanquished Creatures
  A hound (D:2)
  2 adders (D:2)
  An ooze (D:2)
  2 worms
  A dart slug (D:1)
  An orc (D:2)
  A giant cockroach (D:3)
  4 goblins
  6 hobgoblins
  7 jackals
  5 kobolds
  2 quokkas (D:2)
  A ball python (D:3)
  7 bats
  A frilled lizard (D:1)
  3 rats (D:1)
45 creatures vanquished.

Vanquished Creatures (collateral kills)
  2 bats (D:2)
2 creatures vanquished.

Grand Total: 47 creatures vanquished

Notes
Turn   | Place    | Note
-------+----------+-------------------------------------------
     0 | D:1      | Mimshu the Draconian Transmuter began the quest for the
                  | Orb.
     0 | D:1      | Reached XP level 1. HP: 16/16 MP: 3/3
    97 | D:1      | Reached XP level 2. HP: 2/23 MP: 5/5
   721 | D:1      | Upgraded the game from 0.23.2 to 0.23.2-1-ga50397a
   913 | D:1      | Reached XP level 3. HP: 26/28 MP: 6/6
  1422 | D:2      | Learned a level 3 spell: Spider Form
  1447 | D:2      | Learned a level 2 spell: Sticks to Snakes
  1592 | D:2      | Reached XP level 4. HP: 27/36 MP: 2/7
  1780 | D:2      | Learned a level 2 spell: Call Imp
  2019 | D:3      | Noticed Grinder
  2028 | D:3      | Paralysed by Grinder for 3 turns
  2030 | D:3      | HP: 1/36 [Grinder (2)]
  2030 | D:3      | Slain by Grinder

Skill      XL: |  1  2  3 |
---------------+----------+-----
Dodging        | 2 |  2.6
Fighting       | 2 |  2.2
Short Blades   | |  0.8
Stealth        | |  0.1
Unarmed Combat | |  3.5
Spellcasting   | |  2.5
Transmutations | |  2.4
Poison Magic   | |  0.1

Action                   |  1- 3 |  4- 6 || total
-------------------------+-------+-------++-------
Melee: Unarmed           |   100 |       ||   100
       Tailslap          |    14 |     1 ||    15
       Headbutt          |     3 |       ||     3
       Kick              |     5 |     2 ||     7
       Short sword       |    53 |    33 ||    86
 Cast: Beastly Appendage |    11 |     3 ||    14
       Sticks to Snakes  |     3 |     1 ||     4
       Spider Form       |     1 |       ||     1
       Call Imp          |       |     1 ||     1
  Use: Scroll            |     3 |       ||     3
  Eat: Chunk             |     2 |     2 ||     4
Armor: Skin              |    79 |    16 ||    95
Dodge: Dodged            |   175 |    24 ||   199
